 Dungeon Crawl Stone Soup version 0.28-a0-239-g68911e0c57 (webtiles) character file.

Game seed: 12575263194461439086

114 Lochraine the Vexing (level 4, 0/33 HPs)
             Began as a Demigod Enchanter on Aug 23, 2021.
             Killed from afar by Pikel (6 damage)
             ... with a puff of flame
             ... on level 4 of the Dungeon.
             The game lasted 00:05:19 (3368 turns).

Lochraine the Vexing (Demigod Enchanter)            Turns: 3368, Time: 00:05:19

Health: 0/33       AC:  9    Str: 13    XL:     4   Next: 40%
Magic:  5/10       EV: 12    Int: 17    God:
Gold:   253        SH:  0    Dex: 14    Spells: 5/8 levels left

rFire   . . .      SeeInvis .   b - +3 short sword (protect)
rCold   . . .      Faith    .   (no shield)
rNeg    . . .      Spirit   .   k - +0 robe
rPois   .          Reflect  .   (no helmet)
rElec   .          Harm     .   (no cloak)
rCorr   .          Rampage  .   (no gloves)
Will    .....                   (no boots)
Stlth   ++........              (no amulet)
HPRegen 0.11/turn               (no ring)
MPRegen 0.12/turn               (no ring)

@: under a protective aura
A: high mp 1, forlorn
a: no special abilities


You were on level 4 of the Dungeon.
You visited 1 branch of the dungeon, and saw 4 of its levels.

You collected 253 gold pieces.

Inventory:

Hand Weapons
 a - a +1 dagger
 b - a +3 short sword of protection (weapon)
   (You took it off a kobold on level 2 of the Dungeon)
 p - a +1 long sword of flaming
   (You found it on level 3 of the Dungeon)
Missiles
 e - 43 stones
Armour
 k - a +0 robe (worn)
Magical Staves
 j - a staff of death
   (You found it on level 2 of the Dungeon)
Wands
 x - a wand of acid (6)
   (You found it on level 4 of the Dungeon)
Scrolls
 d - 2 scrolls of teleportation {unknown}
 l - a scroll of noise {unknown}
 o - a scroll of amnesia {unknown}
Potions
 c - a potion of invisibility
 f - a potion of degeneration {unknown}
 g - 3 potions of ambrosia {unknown}
 h - 2 potions of haste {unknown}
 i - 2 potions of attraction {unknown}
 m - a potion of curing {unknown}
 n - a potion of heal wounds {unknown}
 q - a potion of mutation {unknown}
 r - a potion of resistance {unknown}


   Skills:
 + Level 2.2 Short Blades
 - Level 1.7 Dodging
 + Level 3.1 Stealth
 + Level 2.6 Spellcasting
 + Level 3.5 Hexes


You had 5 spell levels left.
You knew the following spells:

 Your Spells              Type           Power      Damage    Failure   Level
a - Ensorcelled Hibernat  Hex/Ice        16%        N/A       14%         2
b - Corona                Hex            15%        N/A       4%          1

Your spell library contained the following spells:

 Spells                   Type           Power      Damage    Failure   Level
 Confusing Touch          Hex            14%        N/A       13%         3
 Tukima's Dance           Hex            14%        N/A       13%         3
 Shock                    Conj/Air       8%         1d3       19%         1
 Summon Small Mammal      Summ           8%         N/A       19%         1
 Dazzling Flash           Conj/Hex       16%        N/A       26%         3
 Portal Projectile        Hex/Tloc       16%        N/A       26%         3
 Summon Guardian Golem    Hex/Summ       8%         N/A       26%         3
 Corpse Rot               Necr/Air       N/A        N/A       28%         2
 Poisonous Vapours        Pois/Air       4%         N/A       28%         2
 Call Canine Familiar     Summ           2%         N/A       50%         3
 Lesser Beckoning         Tloc           1%         N/A       50%         3
 Swiftness                Air            2%         N/A       50%         3
 Airstrike                Air            1%         N/A       88%         4
 Freezing Cloud           Conj/Ice/Air   1%         6-21      99%         5
 Dispersal                Tloc           1%         N/A       100%        6


Dungeon Overview and Level Annotations

Branches:
Dungeon (4/15)             Temple (0/1) D:4

Annotations:
D:4 Pikel


Innate Abilities, Weirdness & Mutations

Your attributes grow dramatically as you level up.
You have an increased reservoir of magic. (+10% MP)
You shall have no god before yourself.


Message History

You hit the adder skeleton.
You destroy the adder skeleton!
You see here a hound corpse.
Found 5 atropa-tipped darts.
The endoplasm closely misses you.
You hit the endoplasm.
You kill the endoplasm!
No target in view!
No target in view!
Pikel is nearby!
Aim: Pikel, wielding a +2 whip of flaming, wearing a +0 robe and carrying a wand of flame (26) (wandering, hasn't noticed you, chance to affect: 39%)
Okay, then.
You hit Pikel.
Your weapon exudes an aura of protection.
Pikel barely misses you.
Aim: Pikel, wielding a +2 whip of flaming, wearing a +0 robe and carrying a wand of flame (26) (lightly wounded, chance to affect: 39%) Pikel looks drowsy...
The helpless Pikel fails to defend himself.
You puncture Pikel!
Pikel zaps a wand.
The puff of flame misses you.
Unknown command.
Sorry, you're not good enough to have a special ability.
You miss Pikel.
Pikel zaps a wand.
The puff of flame hits you.
Unknown command.
Aim: Pikel, wielding a +2 whip of flaming, wearing a +0 robe and carrying a wand of flame (24) (heavily wounded, chance to affect: 50%) Pikel is outlined in light.
The lemure shouts! x2; You hear a shout!
Pikel zaps a wand.
The puff of flame hits you!
A lemure comes into view.
The lemure hits you.
You hear a shout!
You closely miss Pikel.
Pikel hits you with a +2 whip of flaming.
* * * LOW HITPOINT WARNING * * *
Pikel burns you.
* * * LOW HITPOINT WARNING * * *
The lemure hits you but does no damage.
You hit Pikel. Pikel barely misses you. The lemure misses you.
You hit Pikel.
Pikel hits you with a +2 whip of flaming!
* * * LOW HITPOINT WARNING * * *
Pikel burns you.
* * * LOW HITPOINT WARNING * * *
The lemure hits you but does no damage.
Pikel zaps a wand.
The puff of flame hits you.
You die...

.............>.....######
##.##........#.#...<....#
#.).......#.##.#..####.#
#.##...)......#...####. #
#.......##..........
#..........#########
###......#####8...8##
#.†###.#...#.....#. ##@#
#...8....>.... #.#
###...#.....#. #K#
#####8...8## ......55#
####### ...####5. #5##
#.. #(. ..#


You could see Pikel (corona) and 4 lemures.

Vanquished Creatures
  A hound (D:4)
  3 adders (D:3)
  An adder skeleton (D:4)
  2 dart slugs (D:2)
  An orc (D:3)
  2 bats (D:1)
  5 endoplasms
  3 giant cockroaches
  3 goblins
  2 hobgoblins
  2 quokkas
  9 ball pythons
  A frilled lizard (D:1)
  6 kobolds
  A quokka skeleton (D:4)
  8 rats
50 creatures vanquished.

Vanquished Creatures (others)
  A plant (D:2)
1 creature vanquished.

Grand Total: 51 creatures vanquished

Notes
Turn   | Place    | Note
-------+----------+-------------------------------------------
     0 | D:1      | Lochraine the Demigod Enchanter began the quest for the
                  | Orb.
     0 | D:1      | Reached XP level 1. HP: 14/14 MP: 5/5
    37 | D:1      | Reached skill level 1 in Short Blades
   311 | D:1      | Reached XP level 2. HP: 20/20 MP: 7/7
   320 | D:1      | Learned a level 2 spell: Ensorcelled Hibernation
   322 | D:1      | Learned a level 1 spell: Corona
  1183 | D:2      | Got the Guide on Orientation
  2252 | D:3      | Reached XP level 3. HP: 22/26 MP: 9/9
  3199 | D:4      | Noticed Pikel
  3199 | D:4      | Noticed a lemure
  3199 | D:4      | Noticed a lemure
  3200 | D:4      | Noticed a lemure
  3270 | D:4      | Found a staircase to the Ecumenical Temple.
  3344 | D:4      | Reached XP level 4. HP: 31/33 MP: 5/10
  3363 | D:4      | Noticed a lemure
  3368 | D:4      | Killed from afar by Pikel

Illustrated notes

Levels and vault maps discovered:
D:1:      mrwooster_arrival_statue_2, layout_basic
D:2:      layout_basic, serial_bayou, serial_bayou_pond_e, serial_bayou_pond_d,
          serial_bayou_shore_b, serial_bayou_lake_a
D:3:      layout_rooms, amcnicky_altar_gilded, kennysheep_generic_room_16
D:4:      layout_loops_ring, minmay_temple_entry_antechambers,
          roderic_roman_lattice, minmay_close_crescents, uniq_pikel,
          uniq_sigmund

Skill      XL: |  1  2  3 |
---------------+----------+-----
Short Blades   | 1 2 |  2.2
Spellcasting   | 2 |  2.6
Hexes          | 3 |  3.5
Stealth        | 3 |  3.1
Dodging        | |  1.7

Action                   |  1- 3 |  4- 6 || total
-------------------------+-------+-------++-------
Melee: Dagger            |    69 |       ||    69
       Short sword       |    74 |     8 ||    82
 Cast: Ensorcelled Hiber |     9 |     1 ||    10
       Corona            |       |     1 ||     1
 Stab: Sleeping          |    14 |     1 ||    15
Armor: Robe              |    26 |     2 ||    28
Dodge: Dodged            |    72 |     5 ||    77

Table legend: (Time is in decaauts)
 A = Elapsed time spent in this place.
 B = Non-inter-level travel time spent in this place.
 C = Inter-level travel time spent in this place.
 D = Time resting spent in this place.
 E = Time spent auto-exploring this place.
 F = Levels seen in this place.
 G = Mean time per level.
                   A        B        C        D        E       F      G
               +--------+--------+--------+--------+--------+-----+--------+
         Total |   3385 |   3321 |     64 |    353 |   2467 |   4 |  846.2 |
       Dungeon |   3385 |   3321 |     64 |    353 |   2467 |   4 |  846.2 |
               +--------+--------+--------+--------+--------+-----+--------+

Top non-repeatable levels by time:
     D:2: 1406 daAuts
     D:3: 1011 daAuts
     D:1: 853 daAuts
     D:4: 114 daAuts
